 Dungeon Crawl Stone Soup version 0.24.0-1-gfbc8707 (webtiles) character file.

Game seed: 4517971426269624083, levelgen mode: deterministic

8 Buxparty the Magician (level 2, -2/19 HPs)
             Began as a Gnoll Wanderer on Jan 9, 2020.
             Slain by a goblin
             ... wielding a +0 club
              (5 damage)
             ... on level 1 of the Dungeon.
             The game lasted 00:02:13 (272 turns).

Buxparty the Magician (Gnoll Wanderer)               Turns: 272, Time: 00:02:13

Health: -2/19      AC:  2    Str: 14    XL:     2   Next: 8%
Magic:  10/10      EV: 11    Int: 13    God:
Gold:   0          SH:  0    Dex: 15    Spells: 12/15 levels left

rFire    . . .     SeeInvis .   a - +0 dagger
rCold    . . .     Gourm    .   (no shield)
rNeg     . . .     Faith    .   d - +0 robe
rPois    .         Spirit   .   (no helmet)
rElec    .         Reflect  .   (no cloak)
rCorr    .         Harm     .   (no gloves)
MR       .....                  (no boots)
Stlth    ++........             (no amulet)
HPRegen  0.06/turn              (no ring)
MPRegen  0.12/turn              (no ring)

@: no status effects
A: distributed training, fangs 1, strong nose
a: no special abilities


You were on level 1 of the Dungeon.
You were not hungry.

You visited 1 branch of the dungeon, and saw 1 of its levels.

Inventory:

Hand Weapons
 a - a +0 dagger (weapon)
Armour
 d - a +0 robe (worn)
Scrolls
 b - a scroll of amnesia {unknown}
Potions
 c - a potion of curing
 e - a potion of invisibility {unknown}
Comestibles
 f - 2 rations


   Skills:
 + Level 0.2 Fighting
 + Level 0.2 Short Blades
 + Level 0.2 Long Blades
 + Level 0.2 Axes
 + Level 0.2 Maces & Flails
 + Level 0.2 Polearms
 + Level 0.2 Staves
 + Level 0.2 Slings
 + Level 0.2 Bows
 + Level 0.2 Crossbows
 + Level 0.2 Throwing
 + Level 0.2 Armour
 + Level 0.2 Dodging
 + Level 2.2 Stealth
 + Level 0.2 Shields
 + Level 0.2 Unarmed Combat
 + Level 7.1 Spellcasting
 + Level 0.1 Conjurations
 + Level 0.1 Hexes
 + Level 3.6 Charms
 + Level 3.6 Summonings
 + Level 0.1 Necromancy
 + Level 0.1 Translocations
 + Level 0.1 Transmutations
 + Level 0.1 Fire Magic
 + Level 0.1 Ice Magic
 + Level 0.1 Air Magic
 + Level 0.1 Earth Magic
 + Level 2.0 Poison Magic
 + Level 0.3 Invocations
 + Level 2.4 Evocations


You had 12 spell levels left.
You knew the following spells:

 Your Spells              Type           Power        Failure   Level  Hunger
a - Infusion              Chrm           ##..         3%          1    None
b - Song of Slaying       Chrm           ##......     4%          2    #......

Your spell library contained the following spells:

 Spells                   Type           Power        Failure   Level  Hunger
 Shroud of Golubria       Chrm/Tloc      #.....       11%         2    #......
 Shock                    Conj/Air       #...         14%         1    None
 Regeneration             Chrm/Necr      #.........   21%         3    ##.....
 Spectral Weapon          Hex/Chrm       #.......     21%         3    ##.....
 Dazzling Spray           Conj/Hex       #.....       38%         3    ##.....


Dungeon Overview and Level Annotations

Branches:
Dungeon (1/15)

Altars:


Innate Abilities, Weirdness & Mutations

Your experience applies equally to all skills.
You have very sharp teeth.
Your uncanny sense of smell can sniff out nearby items.


Message History

The leopard gecko barely misses you. The leopard gecko barely misses you.
You see here a hobgoblin corpse.
The leopard gecko misses you.
A goblin comes into view. It is wielding a +0 dagger.
The leopard gecko bites you but does no damage.
A goblin comes into view. It is wielding a +0 club.
A goblin comes into view. It is wielding a +0 club.
The goblin shouts!
The leopard gecko bites you.
* * * LOW HITPOINT WARNING * * *
Found a scroll labeled ROIVYCKOPTA.
The goblin barely misses you.
You hit the goblin.
The goblin is heavily wounded.
The goblin completely misses you. The leopard gecko barely misses you.
You hit the goblin. Your bite misses the goblin.
The goblin is severely wounded.
The leopard gecko barely misses you. The goblin hits you with a +0 club.
You die...

###.# ## #g.# #...## #<
#..# #.##.# #. #..#
#...### ## #...##.....#
# #.#..#...#.## ...
#.##.#####..###
.....#####.##.#...##..##
......g@lgs....$...##...
......####.##.#....#####
..?.. .............###
.... ###.###..#.#####.
... ∆ #.# #..#.# ## ..
#.# ##...## ## . ..#
##..s####† .g. #.†...#.#
#.......#


You could see a leopard gecko, a giant cockroach, a hobgoblin and a goblin.

Vanquished Creatures
  A leopard gecko (D:1)
  2 hobgoblins (D:1)
  A bat (D:1)
  4 rats (D:1)
8 creatures vanquished.

Notes
Turn   | Place    | Note
-------+----------+-------------------------------------------
     0 | D:1      | Buxparty the Gnoll Wanderer began the quest for the Orb.
     0 | D:1      | Buxparty set off with the following items: a +0 dagger, a
                  | potion of curing, a +0 robe, a ration; and the following
                  | spells available to memorise: Infusion, Song of Slaying,
                  | Shroud of Golubria, Shock, Regeneration, Spectral Weapon,
                  | Dazzling Spray
     0 | D:1      | Reached XP level 1. HP: 13/13 MP: 8/8
    51 | D:1      | Learned a level 1 spell: Infusion
   128 | D:1      | Reached XP level 2. HP: 16/19 MP: 6/10
   169 | D:1      | Learned a level 2 spell: Song of Slaying
   272 | D:1      | Slain by a goblin

Levels and vault maps discovered:
D:1:      lemuel_arrival_tunnels, layout_rooms, skrybe_limestone_x,
          minmay_misc_feat_encased

Skill      XL: |  1 |
---------------+----+-----
Poison Magic   | 2 |  2.0
Fighting       | |  0.2
Short Blades   | |  0.2
Long Blades    | |  0.2
Axes           | |  0.2
Maces & Flails | |  0.2
Polearms       | |  0.2
Staves         | |  0.2
Slings         | |  0.2
Bows           | |  0.2
Crossbows      | |  0.2
Throwing       | |  0.2
Armour         | |  0.2
Dodging        | |  0.2
Stealth        | |  2.2
Shields        | |  0.2
Unarmed Combat | |  0.2
Spellcasting   | |  7.1
Conjurations   | |  0.1
Hexes          | |  0.1
Charms         | |  3.6
Summonings     | |  3.6
Necromancy     | |  0.1
Translocations | |  0.1
Transmutations | |  0.1
Fire Magic     | |  0.1
Ice Magic      | |  0.1
Air Magic      | |  0.1
Earth Magic    | |  0.1
Invocations    | |  0.3
Evocations     | |  2.4

Action                   || total
-------------------------++-------
Melee: Dagger            ||    21
 Cast: Infusion          ||     3
       Song of Slaying   ||     1
 Stab: Sleeping          ||     1
Armor: Robe              ||     4
Dodge: Dodged            ||    21
